 Dungeon Crawl Stone Soup version 0.30-a0-862-g1aabd4f9c5 (webtiles) character file.

Game seed: 2653466771852212323

537 IdlyInterested the Slasher (level 7, -3/55 HPs)
             Began as a Demonspawn Fighter on Mar 8, 2023.
             Slain by a sky beast (6 damage)
             ... on level 6 of the Dungeon.
             The game lasted 00:09:05 (3002 turns).

IdlyInterested the Slasher (Demonspawn Fighter)     Turns: 3002, Time: 00:09:06

Health: -3/55      AC: 14    Str: 15    XL:     7   Next: 5%
Magic:  7/7        EV:  9    Int:  8    God:
Gold:   165        SH:  5    Dex: 19    Spells: 6/6 levels left

rFire   . . .      SeeInvis .    a - +1 long sword
rCold   . . .      Faith    .    c - +0 buckler
rNeg    . . .      Spirit   .    b - +1 scale mail
rPois   .          Reflect  .    i - +0 helmet
rElec   .          Rampage  .    (no cloak)
rCorr   .                        g - +0 pair of gloves
Will    .....                    m - +0 pair of boots
Stlth   +                        (no amulet)
HPRegen 0.29/turn                (no ring)
MPRegen 0.10/turn                (no ring)

@: no status effects
A: claws 1, rugged brown scales 3, demonic magic 1, agile 1
a: no special abilities


You were on level 6 of the Dungeon.
You visited 1 branch of the dungeon, and saw 5 of its levels.

You collected 165 gold pieces.

Inventory:

Hand Weapons
 a - a +1 long sword (weapon)
 n - a +0 falchion
Missiles
 e - 62 stones (quivered)
 l - 6 boomerangs
 s - 3 poisoned darts
Armour
 b - a +1 scale mail (worn)
 c - a +0 buckler (worn)
 g - a +0 pair of gloves (worn)
 i - a +0 helmet (worn)
 m - a +0 pair of boots (worn)
Scrolls
 q - 2 scrolls of teleportation
Potions
 d - 3 potions of might
 f - a potion of haste {unknown}
 h - 3 potions of mutation
 j - a potion of heal wounds
 k - a potion of curing
 p - 3 potions of resistance {unknown}


   Skills:
 + Level 3.3 Fighting
 + Level 5.3 Long Blades
 - Level 1.0 Throwing
 - Level 3.0 Armour
 - Level 1.0 Dodging
 - Level 1.0 Stealth
 - Level 2.6 Shields
 - Level 3.0 Unarmed Combat
 - Level 1.0 Evocations


You had 6 spell levels left.
You didn't know any spells.
Your spell library contained the following spells:

 Spells                   Type           Power      Damage    Failure   Level
 Necrotise                Necr           0%         1d4       91%         1
 Vampiric Draining        Necr           0%         2d6       100%        3
 Agony                    Necr           0%         N/A       100%        5
 Blade Hands              Tmut           0%         N/A       100%        5
 Fireball                 Conj/Fire      0%         3d3       100%        5
 Irradiate                Conj/Tmut      0%         3d11      100%        5
 Iskenderun's Battlesphe  Conj           0%         2d6       100%        5
 Conjure Ball Lightning   Conj/Air       0%         3x3d6     100%        6
 Dragon Form              Tmut           0%         N/A       100%        7
 Orb of Destruction       Conj           0%         9d5       100%        7


Dungeon Overview and Level Annotations

Branches:
Dungeon (6/15)
 Temple: D:4-7

Altars:


Innate Abilities, Weirdness & Mutations

You have sharp fingernails.
You are completely covered in rugged brown scales. (AC +3, +7% HP)
Spells you cast may paralyse adjacent enemies.
You are agile. (Dex +4, Str/Int -1)


Message History

The adder is almost dead.
The adder bites you but does no damage.
You hit the adder.
You kill the adder!
You hear the slow hiss of a distant avalanche of sand.
You hear the slow rusting of a very distant drain.
A sky beast comes into view.
The sky beast flickers out of sight!
Deactivating autopickup; reactivate with Ctrl-A.
You miss something. Something hits you. Something shocks you.
* * * LOW HITPOINT WARNING * * *
You hit something but do no damage. Something hits you but does no damage.
You closely miss something. Something hits you but does no damage.
You hit something.
A sky beast appears from thin air!
Reactivating autopickup.
The sky beast barely misses you.
You slash the sky beast!
The sky beast is heavily wounded.
You block the sky beast's attack.
You miss the sky beast.
The sky beast is heavily wounded.
The sky beast hits you.
* * * LOW HITPOINT WARNING * * *
The sky beast shocks you.
* * * LOW HITPOINT WARNING * * *
The sky beast flickers out of sight!
Deactivating autopickup; reactivate with Ctrl-A.
Something hits you but does no damage.
You closely miss something.
A sky beast appears from thin air!
Reactivating autopickup.
The sky beast hits you.
* * * LOW HITPOINT WARNING * * *
The sky beast shocks you.
* * * LOW HITPOINT WARNING * * *
You hit the sky beast.
The sky beast is severely wounded.
The sky beast hits you.
* * * LOW HITPOINT WARNING * * *
The sky beast shocks you.
You die...

#.....###.....##.#
##.....###.....#.#
##..... ##....#.#
#.... #...'.#
##..#.## ##.#..# #
#..# #..# #@§#
#Y§# #..# '..#
.#..# .#..# # #..#
#..#


You could see a sky beast.

Vanquished Creatures
  A water moccasin (D:6)
  A scorpion (D:6)
  A hound (D:6)
  A sleepcap (D:6)
  An orc priest (D:3)
  2 iguanas
  2 orc wizards (D:3)
  6 adders
  3 gnolls (D:6)
  An ufetubus (D:4)
  A worm (D:2)
  A dart slug (D:2)
  6 orcs (D:3)
  13 endoplasms
  4 giant cockroaches
  5 goblins
  11 hobgoblins
  2 jackals (D:4)
  8 ball pythons
  5 bats
  6 frilled lizards
  7 kobolds
  4 rats
92 creatures vanquished.

Notes
Turn   | Place    | Note
-------+----------+-------------------------------------------
     0 | D:1      | IdlyInterested the Demonspawn Fighter began the quest for
                  | the Orb.
     0 | D:1      | Reached XP level 1. HP: 18/18 MP: 1/1
   169 | D:1      | Reached skill level 2 in Long Blades
   242 | D:1      | Gained mutation: You are partially covered in rugged brown
                  | scales. (AC +1, +3% HP) [demonic ancestry]
   242 | D:1      | Reached XP level 2. HP: 18/24 MP: 2/2
   454 | D:1      | Reached skill level 1 in Dodging
   675 | D:2      | Gained mutation: You have sharp fingernails. [demonic
                  | ancestry]
   675 | D:2      | Reached XP level 3. HP: 29/29 MP: 3/3
   915 | D:2      | Reached skill level 1 in Stealth
  1239 | D:2      | Reached skill level 3 in Long Blades
  1676 | D:3      | Gained mutation: You are mostly covered in rugged brown
                  | scales. (AC +2, +5% HP) [demonic ancestry]
  1676 | D:3      | Reached XP level 4. HP: 28/36 MP: 4/4
  1691 | D:3      | Reached skill level 1 in Throwing
  2003 | D:3      | Reached skill level 1 in Evocations
  2059 | D:3      | Gained mutation: You are completely covered in rugged brown
                  | scales. (AC +3, +7% HP) [demonic ancestry]
  2059 | D:3      | Reached XP level 5. HP: 28/43 MP: 5/5
  2085 | D:3      | Reached skill level 4 in Long Blades
  2085 | D:3      | Reached skill level 1 in Unarmed Combat
  2859 | D:4      | Gained mutation: You are agile. (Dex +4, Str/Int -1)
                  | [potion of mutation]
  2878 | D:4      | You fall into a shaft and drop 2 floors!
  2888 | D:6      | Reached XP level 6. HP: 50/50 MP: 6/6
  2901 | D:6      | Noticed a water moccasin
  2910 | D:6      | Killed a water moccasin
  2918 | D:6      | Reached skill level 5 in Long Blades
  2967 | D:6      | Gained mutation: Spells you cast may paralyse adjacent
                  | enemies. [demonic ancestry]
  2967 | D:6      | Reached XP level 7. HP: 17/55 MP: 7/7
  3002 | D:6      | Slain by a sky beast

Illustrated notes

Levels and vault maps discovered:
D:1:      dpeg_arrival_rooms_c, layout_basic, minmay_box_of_dots
D:2:      layout_loops_ring, kennysheep_generic_room_4
D:3:      minmay_wonky_spiral, layout_loops_ring
D:4:      layout_basic, kennysheep_mini_moat, kennysheep_slug_shrine
D:6:      layout_rooms, okawaru_trees_2, gup_sewer_entry_pipe,
          nicolae_ossuary_entry_catacombs, grunt_decor_one_mirror, minivault_24,
          chequers_serial_rivers_room_b, minmay_quadrilaterals

Skill      XL: |  1  2  3  4  5  6 |
---------------+-------------------+-----
Long Blades    | 2 3 4 5 |  5.3
Armour         | 3 |  3.0
Dodging        | 1 |  1.0
Stealth        | 1 |  1.0
Throwing       | 1 |  1.0
Evocations     | 1 |  1.0
Unarmed Combat | 2 3 |  3.0
Fighting       | |  3.3
Shields        | |  2.6

Action                     |  1- 3 |  4- 6 |  7- 9 || total
---------------------------+-------+-------+-------++-------
  Melee: Long sword        |   147 |   163 |    11 ||   321
  Throw: Stone             |       |     2 |       ||     2
    Use: Scroll            |     5 |     8 |       ||    13
         Potion            |       |     3 |       ||     3
 Armour: Scale mail        |    83 |    97 |     4 ||   184
  Dodge: Dodged            |    95 |    71 |     2 ||   168
  Block: Buckler           |    45 |    36 |     2 ||    83

Table legend: (Time is in decaauts)
 A = Elapsed time spent in this place.
 B = Non-inter-level travel time spent in this place.
 C = Inter-level travel time spent in this place.
 D = Time resting spent in this place.
 E = Time spent auto-exploring this place.
 F = Levels seen in this place.
 G = Mean time per level.
                   A        B        C        D        E       F      G
               +--------+--------+--------+--------+--------+-----+--------+
         Total |   3091 |   2725 |    366 |    186 |   1531 |   5 |  618.2 |
       Dungeon |   3091 |   2725 |    366 |    186 |   1531 |   5 |  618.2 |
               +--------+--------+--------+--------+--------+-----+--------+

Top non-repeatable levels by time:
     D:3: 1006 daAuts
     D:2: 851 daAuts
     D:1: 828 daAuts
     D:4: 273 daAuts
     D:6: 131 daAuts
